 Dungeon Crawl Stone Soup version 0.27-a0-1202-ge72e49191c (webtiles) character file.

Game seed: 5516585821643883332

1768 Vomitron the Tainter (level 9, -1/59 HPs)
             Began as an Octopode Venom Mage on June 2, 2021.
             Was an Initiate of Vehumet.
             Slain by a water moccasin (7 damage)
             ... on level 7 of the Dungeon.
             The game lasted 00:13:22 (7681 turns).

Vomitron the Tainter (Octopode Venom Mage)          Turns: 7681, Time: 00:13:22

Health: -1/59      AC:  5    Str:  8    XL:     9   Next: 7%
Magic:  2/16       EV: 13    Int: 20    God:    Vehumet [......]
Gold:   317        SH:  0    Dex: 12    Spells: 4/17 levels left

rFire    + . .     SeeInvis .   v - +5 whip "Pyjiad" {vorpal, +Blink Stlth+}
rCold    + . .     Faith    .   (no shield)
rNeg     + . .     Spirit   .   (helmet restricted)
rPois    .         Reflect  .   (no amulet)
rElec    .         Harm     .   b - ring of wizardry
rCorr    .         Rampage  .   j - ring of protection from fire
Will     .....                  n - ring of flight
Stlth    +++++.....             q - ring of protection from cold
HPRegen  0.19/turn              i - +4 ring of protection
MPRegen  0.15/turn              x - ring of positive energy
                                (no ring)
                                (no ring)

@: about to teleport, flying
A: almost no armour, amphibious, 8 rings, camouflage 1, gelatinous body 1,
(nimble swimmer 1), tentacles
a: Renounce Religion, Evoke Blink


You were on level 7 of the Dungeon.
You worshipped Vehumet.
Vehumet was noncommittal.
You visited 2 branches of the dungeon, and saw 8 of its levels.

You collected 317 gold pieces.

Inventory:

Hand Weapons
 a - a +2 dagger of venom
 e - a +2 short sword of electrocution
 r - a +5 spear
 t - a +3 long sword of freezing
 v - the +5 whip "Pyjiad" (weapon) {vorpal, +Blink Stlth+}
   (You found it on level 4 of the Dungeon)

   It inflicts extra damage upon your enemies.
   It lets you blink.
   It makes you more stealthy.
Missiles
 m - a throwing net
Jewellery
 b - a ring of wizardry (left tentacle)
 i - a +4 ring of protection (on tentacle)
 j - a ring of protection from fire (right tentacle)
 n - a ring of flight (on tentacle)
 q - a ring of protection from cold (on tentacle)
 x - a ring of positive energy (on tentacle)
Wands
 g - a wand of iceblast (7)
 s - a wand of flame (15)
 u - a wand of mindburst (19)
 D - a wand of polymorph (7)
Scrolls
 c - a scroll of fog
 l - 2 scrolls of teleportation
 w - 3 scrolls of identify
 y - a scroll of enchant armour
 z - 2 scrolls of enchant weapon
 A - a scroll of acquirement {unknown}
Potions
 d - a potion of might
 f - a potion of invisibility
 h - a potion of brilliance
 k - 2 potions of flight
 o - 2 potions of curing {unknown}
 p - 5 potions of lignification
 B - a potion of attraction {unknown}
 C - a potion of heal wounds {unknown}


   Skills:
 + Level 4.7 Fighting
 - Level 2.0 Dodging
 + Level 7.5 Stealth
 + Level 4.9 Spellcasting
 - Level 1.0 Transmutations
 - Level 2.0 Air Magic
 * Level 9.2 Poison Magic


You had 4 spell levels left.
You knew the following spells:

 Your Spells              Type           Power      Damage    Failure   Level
a - Sting                 Tmut/Pois      100%       1d8       1%          1
b - Poisonous Vapours     Pois/Air       54%        N/A       1%          2
c - Olgreb's Toxic Radia  Pois           41%        N/A       1%          4
d - Mephitic Cloud        Conj/Pois/Air  19%        N/A       3%          3
e - Ignite Poison         Fire/Tmut/Pois 18%        N/A       3%          3

Your spell library contained the following spells:

 Spells                   Type           Power      Damage    Failure   Level
 Animate Skeleton         Necr           8%         N/A       4%          1
 Corona                   Hex            4%         N/A       4%          1
 Pain                     Necr           16%        1d4       4%          1
 Ensorcelled Hibernation  Hex/Ice        8%         N/A       8%          2
 Confusing Touch          Hex            4%         N/A       14%         3
 Dazzling Flash           Conj/Hex       8%         N/A       14%         3
 Gell's Gravitas          Tloc           2%         N/A       14%         3
 Tukima's Dance           Hex            4%         N/A       14%         3
 Vampiric Draining        Necr           2%         2d6       14%         3
 Petrify                  Tmut/Erth      6%         N/A       34%         4
 Animate Dead             Necr           2%         N/A       41%         4
 Yara's Violent Unravell  Hex/Tmut       3%         3d4       69%         5
 Agony                    Necr           4%         N/A       75%         5
 Metabolic Englaciation   Hex/Ice        2%         N/A       75%         5


Dungeon Overview and Level Annotations

Branches:
Dungeon (7/15)             Temple (1/1) D:6

Altars:
Cheibriados
Gozag
Hepliaklqana
Kikubaaqudgha
Ru
Trog
Vehumet
Wu Jian

Shops:
D:3 ?   D:4 *


Innate Abilities, Weirdness & Mutations

You cannot wear most types of armour.
You are amphibious.
You can wear up to eight rings at the same time.
Your skin changes colour to match your surroundings (Stealth+).
Your rubbery body absorbs attacks. (AC +1, EV +1)
((You are camouflaged near water. (Stealth+)))
You have tentacles for arms and can constrict up to eight enemies at once.


Message History

The black bear misses you. The black bear claws you. x2
Unknown command.
Unknown command.
Unknown command.
You hit the black bear.
The black bear is almost dead.
The orc priest looks even sicker.
The black bear looks as sick as possible!
Your toxic aura wanes.
You constrict the black bear.
You kill the black bear!
Vehumet accepts your kill.
The orc priest mumbles some strange prayers to Beogh against you.
Beogh smites you! The centaur zombie barely misses you.
The centaur zombie kicks you.
You have reached level 9!
Your experience leads to an increase in your attributes!
Increase (S)trength, (I)ntelligence, or (D)exterity?
You feel clever.
Unknown command.
You hit the centaur zombie.
The centaur zombie is lightly damaged.
The centaur zombie barely misses you.
The centaur zombie completely misses you.
Unknown command.
You hit the centaur zombie.
The centaur zombie is moderately damaged.
The centaur zombie hits you. The centaur zombie closely misses you.
The orc priest mumbles some strange prayers to Beogh against you.
Beogh smites you!
The orc priest invokes the aid of Beogh against you.
Beogh smites you!
The orc priest mumbles some strange prayers to Beogh against you.
Beogh smites you!
* * * LOW HITPOINT WARNING * * *
Vehumet accepts your kill.
You feel a bit more experienced.
As you read the scroll of teleportation, it crumbles to dust.
You feel strangely unstable. The water moccasin bites you!
You die...

########.# #........# #........#
.########........# ############
.................# #..........#
####<####.......Z###.########.#
####.####...............# #.#
.......##......oS..#.##.# #.#
.###.#.##.##.##.@.##.##.# #.# .#
#.#.##.##.........##.# #.# .#
#.#.##.#####...#####.# ###.# .#
#......# #...#####.# #...# .#
###.#..#####.........###.####
.#####.#.>)..))...#####........#
.......#.#####)....## #.###.##>#
######.#.# ##.......###....)...#
#####....###.........##.#...#).#


You could see an orc warrior (poisoned), a water moccasin and a centaur zombie.

Vanquished Creatures
  A water moccasin (D:5)
  An orc warrior (D:7)
  An ice beast (D:7)
  2 black bears
  2 ogres
  2 centaurs
  A bullfrog (D:7)
  A scorpion (D:5)
  3 wights (D:4)
  A bullfrog zombie (D:5)
  3 centaur zombies
  2 hounds
  4 orc priests
  Crazy Yiuf (D:4)
  A centaur skeleton (D:3)
  2 iguanas (D:4)
  An orc wizard (D:5)
  Natasha (thrice) (D:2)
  2 hound skeletons (D:4)
  2 howler monkey skeletons (D:7)
  4 gnolls (D:5)
  5 adders
  2 ufetubi
  A dart slug (D:1)
  11 orcs
  3 bats (D:1)
  4 endoplasms
  4 giant cockroaches
  7 goblins
  4 hobgoblins
  2 jackals (D:1)
  8 kobolds
  3 quokkas
  4 ball pythons
  2 frilled lizards
  2 rats
102 creatures vanquished.

Notes
Turn   | Place    | Note
-------+----------+-------------------------------------------
     0 | D:1      | Vomitron the Octopode Venom Mage began the quest for the
                  | Orb.
     0 | D:1      | Reached XP level 1. HP: 11/11 MP: 3/3
   397 | D:1      | Reached XP level 2. HP: 18/18 MP: 1/5
   450 | D:1      | Reached skill level 4 in Poison Magic
   867 | D:1      | Reached XP level 3. HP: 16/22 MP: 6/6
  1070 | D:1      | Reached skill level 1 in Fighting
  1532 | D:2      | Learned a level 2 spell: Poisonous Vapours
  1610 | D:2      | Noticed Natasha
  1620 | D:2      | Killed Natasha
  1621 | D:2      | Reached XP level 4. HP: 20/28 MP: 1/7
  1771 | D:2      | Found a faded altar of an unknown god.
  2285 | D:2      | Noticed Natasha
  2288 | D:2      | Killed Natasha
  2458 | D:2      | Noticed Natasha
  2460 | D:2      | Killed Natasha
  2461 | D:2      | Reached skill level 1 in Air Magic
  2461 | D:2      | Reached skill level 5 in Poison Magic
  2461 | D:2      | Reached XP level 5. HP: 33/33 MP: 3/8
  2771 | D:3      | Found Vimnaoc's Magic Scroll Emporium.
  3801 | D:4      | Found Ruesey's Assorted Antiques.
  3860 | D:4      | Learned a level 4 spell: Olgreb's Toxic Radiance
  3918 | D:4      | Reached XP level 6. HP: 33/39 MP: 10/10
  4200 | D:4      | Identified the +5 whip "Pyjiad" {vorpal, +Blink Stlth+}
  4305 | D:4      | Found the +5 demon whip "Spellbinder" {antimagic, Will+}
  4313 | D:4      | Reached skill level 5 in Stealth
  4313 | D:4      | Reached skill level 6 in Poison Magic
  4313 | D:4      | Reached XP level 7. HP: 45/45 MP: 5/11
  4490 | D:4      | Found a runed translucent door.
  4491 | D:4      | Noticed Crazy Yiuf
  4823 | D:4      | Killed Crazy Yiuf
  4901 | D:5      | Entered Level 5 of the Dungeon
  5142 | D:5      | Reached skill level 7 in Poison Magic
  5483 | D:5      | Reached XP level 8. HP: 52/52 MP: 6/13
  5574 | D:5      | Learned a level 3 spell: Mephitic Cloud
  5578 | D:5      | Learned a level 3 spell: Ignite Poison
  6293 | D:6      | Reached skill level 8 in Poison Magic
  6449 | D:6      | Found a staircase to the Ecumenical Temple.
  6460 | Temple   | Entered the Ecumenical Temple
  6473 | Temple   | Became a worshipper of Vehumet
  7495 | D:7      | Reached skill level 9 in Poison Magic
  7671 | D:7      | Reached XP level 9. HP: 41/59 MP: 1/16
  7681 | D:7      | Slain by a water moccasin

Illustrated notes

Levels and vault maps discovered:
D:1:      shiori_arrival_maze, layout_basic
D:2:      layout_basic, shapermc_ecumenical_altar_starsandcircs, uniq_natasha
D:3:      layout_loops_ring, serial_shops, shop
D:4:      layout_rooms, serial_shops, nicolae_shop_overgrown_old_shop,
          corexii_leaking_fountain, kennysheep_flooded_box,
          uniq_crazy_yiuf_cottage
D:5:      layout_gridville
D:6:      layout_rooms, minmay_temple_entry_overgrown
D:7:      minmay_bubble_buster, layout_loops_corners
Temple:   nicolae_temple_the_god_donut

Skill      XL: |  1  2  3  4  5  6  7  8 |
---------------+-------------------------+-----
Stealth        | 3 4 5 7 |  7.5
Poison Magic   | 4 5 6 7 9 |  9.2
Fighting       | 1 2 3 4 |  4.7
Air Magic      | 1 2 |  2.0
Spellcasting   | 3 4 |  4.9
Dodging        | |  2.0
Transmutations | |  1.0

Action                   |  1- 3 |  4- 6 |  7- 9 || total
-------------------------+-------+-------+-------++-------
Melee: Unarmed           |     3 |       |       ||     3
       Dagger            |    15 |       |       ||    15
       Constrict         |    11 |    11 |     9 ||    31
       Tentacles         |     5 |     8 |    12 ||    25
       Short sword       |    13 |    38 |       ||    51
       Whip              |       |     3 |    53 ||    56
 Cast: Sting             |    26 |    15 |    23 ||    64
       Poisonous Vapours |     1 |    14 |    34 ||    49
       Olgreb's Toxic Ra |       |       |     9 ||     9
       Ignite Poison     |       |       |     1 ||     1
  Use: Scroll            |       |     4 |    10 ||    14
 Stab: Sleeping          |     1 |     3 |     1 ||     5
       Distracted        |     1 |       |       ||     1
Armor: Skin              |     1 |     4 |    25 ||    30
Dodge: Dodged            |    10 |    22 |    58 ||    90

Table legend: (Time is in decaauts)
 A = Elapsed time spent in this place.
 B = Non-inter-level travel time spent in this place.
 C = Inter-level travel time spent in this place.
 D = Time resting spent in this place.
 E = Time spent auto-exploring this place.
 F = Levels seen in this place.
 G = Mean time per level.
                   A        B        C        D        E       F      G
               +--------+--------+--------+--------+--------+-----+--------+
         Total |   7687 |   7132 |    555 |   1934 |   4274 |   8 |  960.9 |
       Dungeon |   7661 |   7106 |    555 |   1934 |   4274 |   7 | 1094.4 |
        Temple |     26 |     26 |      0 |      0 |      0 |   1 |   26.0 |
               +--------+--------+--------+--------+--------+-----+--------+

Top non-repeatable levels by time:
     D:4: 1379 daAuts
     D:1: 1323 daAuts
     D:5: 1207 daAuts
     D:2: 1166 daAuts
     D:3: 1033 daAuts
     D:7: 940 daAuts
     D:6: 609 daAuts
  Temple: 26 daAuts
